 Seeded DCSS version 0.24.0 (webtiles) character file.

Game seed: 43, levelgen mode: deterministic

8260 Buxparty the Slicer (level 11, -9/71 HPs)
             Began as a Gargoyle Fighter on Mar 28, 2020.
             Was an Initiate of Gozag.
             Blown up by an orc wizard (24 damage)
             ... with a disintegration bolt
             ... on level 10 of the Dungeon.
             The game lasted 00:18:12 (8745 turns).

Buxparty the Slicer (Gargoyle Fighter)              Turns: 8745, Time: 00:18:12

Health: -9/71      AC: 22    Str: 22      XL:     11   Next: 28%
Magic:  11/11      EV:  7    Int: 10      God:    Gozag
Gold:   1561       SH: 17    Dex:  8 (9)  Spells: 10/10 levels left

rFire    . . .     SeeInvis .   u - +1 dagger (venom)
rCold    . . .     Gourm    .   c - +0 shield
rNeg     + + .     Faith    .   p - +3 chain mail
rPois    ∞         Spirit   .   (no helmet)
rElec    +         Reflect  +   (no cloak)
rCorr    .         Harm     .   (no gloves)
MR       .....                  (no boots)
Stlth    ..........             g - +6 amulet of reflection
HPRegen  0.21/turn              C - ring of positive energy
MPRegen  0.12/turn              (no ring)

@: gold aura
A: negative energy resistance 1, electricity resistance, unbreathing,
petrification resistance, rot immunity, AC +8
a: Potion Petition, Call Merchant, Bribe Branch, Renounce Religion


You were on level 10 of the Dungeon.
You worshipped Gozag.
Gozag was most pleased with you.
You were not hungry.

You visited 1 branch of the dungeon, and saw 10 of its levels.

You collected 1591 gold pieces.
You paid 30 gold pieces to Gozag.

Inventory:

Hand Weapons
 a - a +0 rapier
 u - a +1 dagger of venom (weapon)
 y - the +6 spear of Mourning {antimagic, rC++, unknown}
   (You found it on level 5 of the Dungeon)

   It reduces the magical energy of the wielder, and disrupts the spells and
   magical abilities of those hit.
   Natural abilities and divine invocations are not affected.
   It greatly protects you from cold.
Armour
 b - a +0 scale mail
 c - a +0 shield (worn)
 p - a +3 chain mail (worn)
 B - the +2 robe of Dogma {*Contam rC+++ rCorr Int-2, unknown}
   (You found it on level 5 of the Dungeon)

   It affects your intelligence (-2).
   It renders you almost immune to cold.
   It causes magical contamination when unequipped.
   It provides partial protection from all sources of acid and corrosion.
Jewellery
 g - a +6 amulet of reflection (around neck)
 C - a ring of positive energy (left hand)
 F - an uncursed ring of see invisible
Wands
 D - a wand of flame (38)
 E - a wand of polymorph (7)
 L - a wand of digging (1)
Scrolls
 e - 2 scrolls of magic mapping {unknown}
 h - 4 scrolls of enchant armour {unknown}
 i - 2 scrolls of random uselessness {unknown}
 k - 8 scrolls of identify
 m - 2 scrolls of enchant weapon {unknown}
 t - 2 scrolls of blinking {unknown}
 v - 3 scrolls of remove curse {unknown}
 w - 3 scrolls of teleportation {unknown}
 I - a scroll of fog {unknown}
Potions
 d - 2 potions of might
 j - a potion of berserk rage {unknown}
 l - 3 potions of degeneration {unknown}
 n - a potion of brilliance {unknown}
 o - 3 potions of magic {unknown}
 q - 2 potions of agility
 r - a potion of mutation {unknown}
 s - 2 potions of haste
 x - 6 potions of heal wounds {unknown}
 z - 2 potions of lignification {unknown}
 A - a potion of resistance {unknown}
 G - a potion of curing
 H - 3 potions of flight {unknown}
 J - a potion of invisibility {unknown}
 K - a potion of cancellation {unknown}
Comestibles
 f - 14 rations


   Skills:
 + Level 9.0 Fighting
 - Level 10.0 Short Blades
 + Level 9.0 Armour
 + Level 1.1 Dodging
 + Level 9.3 Shields


You had 10 spell levels left.
You didn't know any spells.
Your spell library contained the following spells:

 Spells                   Type           Power        Failure   Level  Hunger
 Animate Skeleton         Necr           N/A          99%         1    ##.....
 Apportation              Tloc           #.....       99%         1    ##.....
 Beastly Appendage        Tmut           #.....       99%         1    ##.....
 Confusing Touch          Hex            #.....       99%         1    ##.....
 Flame Tongue             Conj/Fire      #....        99%         1    ##.....
 Shock                    Conj/Air       #...         99%         1    ##.....
 Summon Small Mammal      Summ           #...         99%         1    ##.....
 Call Imp                 Summ           #.......     100%        2    ###....
 Sticks to Snakes         Tmut           #.......     100%        2    ###....
 Swiftness                Chrm/Air       #.......     100%        2    ###....
 Throw Flame              Conj/Fire      #.....       100%        2    ###....
 Call Canine Familiar     Summ           #.......     100%        3    ####...
 Conjure Flame            Conj/Fire      #.......     100%        3    ####...
 Inner Flame              Hex/Fire       #.......     100%        3    ####...
 Spider Form              Tmut/Pois      #.........   100%        3    ####...
 Static Discharge         Conj/Air       #.......     100%        3    ####...
 Summon Guardian Golem    Hex/Summ       #.......     100%        3    ####...
 Airstrike                Air            #.........   100%        4    #####..
 Ice Form                 Ice/Tmut       #.......     100%        4    #####..
 Sticky Flame             Conj/Fire      #.......     100%        4    #####..
 Summon Ice Beast         Ice/Summ       #.......     100%        4    #####..
 Summon Lightning Spire   Summ/Air       #.......     100%        4    #####..
 Blade Hands              Tmut           #.........   100%        5    ######.
 Fireball                 Conj/Fire      #.........   100%        5    ######.
 Lightning Bolt           Conj/Air       #.........   100%        5    ######.


Dungeon Overview and Level Annotations

Branches:
Dungeon (10/15)            Temple (0/1) D:7             Orc (0/2) D:9
   Lair: D:8-11

Altars:
Cheibriados
Elyvilon
Fedhas
Gozag
Kikubaaqudgha
Ru
Uskayaw
Yredelemnul
Zin

Shops:
D:3 *   D:7 :

Annotations:
D:6 1 runed translucent door, catcat's ghost, novice HOAK
D:9 3 runed translucent doors, Buxparty's ghost, journeyman GrFi; catcat's ghost, novice HOAK; rudestrubik's ghost, journeyman HOFi


Innate Abilities, Weirdness & Mutations

You are resistant to torment.
Your stone body is resilient. (AC +8)
You are immune to poison.
You resist negative energy. (rN+)
You are resistant to electric shocks. (rElec)
You can survive without breathing.
You are immune to petrification.
You are immune to rotting.


Message History

You hit something but do no damage. You block something's attack.
Something bites you but does no damage.
You hit something but do no damage. You hit something.
Unholy energy fills the air.
* * * LOW HITPOINT WARNING * * *
You hit something.
Reactivating autopickup.
Your Fighting skill increases to level 9!
You feel a bit more experienced.
You closely miss the orc. You hit the orc wizard.
The orc wizard is moderately wounded.
You hit the orc wizard.
The orc wizard is poisoned.
The orc wizard is heavily wounded.
You hit the orc wizard but do no damage.
The orc wizard looks as sick as possible!
The orc wizard is heavily wounded.
You block the orc's attack. The orc wizard barely misses you.
The orc wizard zaps a wand.
You are blasted!
You die...

'.....#
#........#
#.....#
#........#
###'###
#####'####
....# #..#
.####
##'###
+#########
#...#
.........#
###.#
.........#
#o..#
....>....#
#@###
.........#
#oo.#
.<.......#
###.#
.........#
.#
.....=...+
.#
........<#
.#
######+###
##


You could see 2 orc wizards and an orc.

Vanquished Creatures
  Gastronok (D:8)
  Erica (D:8)
  A two-headed ogre (D:8)
  Pikel (D:8)
  Joseph (D:9)
  A troll (D:9)
  Prince Ribbit (D:6)
  A spriggan (D:8)
  A vampire (D:10)
  A wyvern (D:8)
  A hungry ghost (D:7)
  Menkaure (D:4)
  Edmund (D:5)
  2 orc warriors
  2 sky beasts
  2 slaves (D:8)
  A necrophage (D:10)
  2 ogres
  2 ice beasts
  2 phantoms
  A centaur (D:6)
  A crocodile (D:10)
  2 big kobolds (D:9)
  4 bullfrogs
  2 wyvern zombies
  5 killer bees (D:10)
  2 vampire bats (D:5)
  A howler monkey (D:5)
  A bullfrog zombie (D:6)
  3 crimson imps
  2 quasits
  3 orc priests
  6 hounds
  3 jellies
  6 orc wizards
  Jessica (D:3)
  2 centaur skeletons (D:8)
  4 iguanas
  5 worker ants
  A killer bee zombie (D:6)
  A hound zombie (D:6)
  2 worker ant zombies (D:6)
  13 adders
  3 gnolls (D:3)
  2 shadow imps
  An ooze (D:1)
  3 adder zombies (D:6)
  2 adder skeletons
  2 worms
  A dart slug (D:2)
  7 leopard geckos
  30 orcs
  2 ball pythons
  3 bat skeletons (D:5)
  2 bat zombies (D:5)
  7 giant cockroaches
  2 goblins
  5 hobgoblins
  16 jackals
  22 kobolds
  8 quokkas
  6 bats
  3 frilled lizards
  A giant cockroach zombie (D:5)
  A leopard gecko zombie (D:6)
  A quokka zombie (D:6)
  7 rats
234 creatures vanquished.

Vanquished Creatures (others)
  An orc (D:9)
  A kobold (D:9)
  2 withered plants (D:9)
4 creatures vanquished.

Grand Total: 238 creatures vanquished

Notes
Turn   | Place    | Note
-------+----------+-------------------------------------------
     0 | D:1      | Buxparty the Gargoyle Fighter began the quest for the Orb.
     0 | D:1      | Reached XP level 1. HP: 14/14 MP: 1/1
   114 | D:1      | Reached XP level 2. HP: 17/19 MP: 2/2
   172 | D:1      | Reached skill level 2 in Short Blades
   416 | D:1      | Reached XP level 3. HP: 23/23 MP: 3/3
   494 | D:2      | Reached XP level 4. HP: 22/29 MP: 4/4
   520 | D:2      | Reached skill level 3 in Short Blades
   954 | D:2      | Reached XP level 5. HP: 32/33 MP: 5/5
  1409 | D:3      | Reached XP level 6. HP: 38/38 MP: 6/6
  1475 | D:3      | Found a sacrificial altar of Ru.
  1481 | D:3      | Reached skill level 4 in Short Blades
  1591 | D:3      | Found an opulent altar of Gozag.
  1591 | D:3      | Noticed Jessica
  1595 | D:3      | Killed Jessica
  1596 | D:3      | Found Gozag's Platinum Reserve.
  1602 | D:3      | Became a worshipper of Gozag Ym Sagoz the Greedy
  2227 | D:3      | Noticed an angel
  2228 | D:3      | Found a glowing silver altar of Zin.
  2629 | D:4      | Reached skill level 5 in Shields
  2669 | D:4      | Reached XP level 7. HP: 27/44 MP: 7/7
  2672 | D:4      | Noticed Menkaure
  2721 | D:4      | Killed Menkaure
  3297 | D:4      | Reached skill level 5 in Short Blades
  3324 | D:5      | Entered Level 5 of the Dungeon
  3357 | D:5      | Identified the cursed +0 chain mail of Death's Door {rElec
                  | rC- rN+ MR++}
  3416 | D:5      | Got a pitted spear
  3493 | D:5      | Found a hide-covered altar of Uskayaw.
  3495 | D:5      | Found a white marble altar of Elyvilon.
  3548 | D:5      | Reached skill level 5 in Armour
  3594 | D:5      | Reached skill level 5 in Fighting
  3594 | D:5      | Reached XP level 8. HP: 48/49 MP: 8/8
  3704 | D:5      | Found an ancient bone altar of Kikubaaqudgha.
  3830 | D:5      | Got a smoking robe
  3948 | D:5      | Noticed Edmund
  3971 | D:5      | Killed Edmund
  3971 | D:5      | Reached skill level 6 in Short Blades
  5215 | D:6      | Noticed Prince Ribbit
  5234 | D:6      | Killed Prince Ribbit
  5234 | D:6      | Reached XP level 9. HP: 55/55 MP: 9/9
  5269 | D:6      | Reached skill level 7 in Short Blades
  5310 | D:6      | Found a runed translucent door.
  5312 | D:6      | Noticed catcat's ghost (novice HOAK)
  5678 | D:7      | Found a snail-covered altar of Cheibriados.
  5778 | D:7      | Found Fely's Book Shop.
  5944 | D:7      | Found a staircase to the Ecumenical Temple.
  6131 | D:8      | Noticed a two-headed ogre
  6171 | D:8      | Killed a two-headed ogre
  6171 | D:8      | Reached skill level 8 in Short Blades
  6335 | D:8      | Reached XP level 10. HP: 50/63 MP: 10/10
  6585 | D:8      | Noticed Pikel
  6628 | D:8      | Killed Pikel
  6659 | D:8      | Noticed Erica
  6680 | D:8      | Killed Erica
  6680 | D:8      | Reached skill level 9 in Short Blades
  6826 | D:8      | Noticed Gastronok
  6854 | D:8      | Killed Gastronok
  7394 | D:9      | Found a staircase to the Orcish Mines.
  7424 | D:9      | Reached XP level 11. HP: 50/69 MP: 11/11
  7701 | D:9      | Found a blossoming altar of Fedhas.
  7834 | D:9      | Found a runed translucent gate.
  7835 | D:9      | Found a runed translucent gate.
  7836 | D:9      | Found a runed translucent gate.
  7857 | D:9      | Found a basalt altar of Yredelemnul.
  7860 | D:9      | Noticed Joseph
  7887 | D:9      | Killed Joseph
  7887 | D:9      | Reached skill level 10 in Short Blades
  7927 | D:9      | Noticed rudestrubik's ghost (journeyman HOFi)
  7927 | D:9      | Noticed Buxparty's ghost (journeyman GrFi)
  7927 | D:9      | Noticed catcat's ghost (novice HOAK)
  8229 | D:10     | Entered Level 10 of the Dungeon
  8689 | D:10     | Reached skill level 1 in Dodging
  8745 | D:10     | Blown up by an orc wizard

Levels and vault maps discovered:
D:1:      lemuel_arrival_muddy, layout_rooms, minmay_hexomino_c4
D:2:      layout_rooms, first_ration
D:3:      cheibrodos_pilgrimage, layout_basic, nicolae_gozag_zags_fifth_avenue,
          zin_angel, nicolae_ru_great_annihilating_truth, uniq_jessica
D:4:      layout_cave_pods, chequers_serial_rivers_micro_c, solitary_fountain,
          uniq_menkaure
D:5:      layout_loops_ring, kennysheep_vampire_church,
          grunt_temple_overflow_open, uniq_edmund
D:6:      layout_rooms, ebering_ghost_inner_flame, serial_undead,
          serial_undead_d, serial_undead_b, serial_undead_b, serial_undead_f,
          serial_undead_a, minmay_fractal_squares_5, uniq_prince_ribbit1
D:7:      layout_rooms, minmay_temple_entry_junction_2, basic_altar,
          serial_shops, shop, skrybe_limestone_x
D:8:      layout_rooms, the_bakery, uniq_gastronok, uniq_erica, uniq_pikel
D:9:      layout_basic, fedhas_ov_isle_minmay, lemuel_round_altar, orc_0_dummy,
          gammafunk_ghost_cemetery, uniq_joseph
D:10:     layout_roguey, erik_lair_island, david_defended_altar_orc
